 Dungeon Crawl Stone Soup version 0.18.1-1-g2f07953 (webtiles) character file.

491 Geppetto the Changer (level 6, 0/47 HPs)
             Began as a Draconian Transmuter on May 7, 2016.
             Succumbed to a scorpion's poison
             ... on level 4 of the Dungeon.
             The game lasted 00:39:05 (4021 turns).

Geppetto the Changer (Draconian Transmuter)         Turns: 4021, Time: 00:39:05

Health: 0/47       AC:  2    Str: 12 (15) XL:     6   Next: 91%
Magic:  9/9        EV: 19    Int:  9      God:    Xom [.*....]
Gold:   135        SH:  0    Dex: 17 (19) Spells: 3 memorised, 3 levels left

rFire  + . .     SeeInvis .       - Unarmed
rCold  + . .     Gourm    .     (armour unavailable)
rNeg   . . .     Faith    .     (shield currently unavailable)
rPois  .         Spirit   .     (helmet currently unavailable)
rElec  +         Dismiss  .     (cloak currently unavailable)
rCorr  +         Reflect  .     (gloves currently unavailable)
SustAt .         Harm     .     (boots currently unavailable)
MR     .....                    (no amulet)
Stlth  ++........               (no ring)
                                o - +3 ring of strength

@: lethally poisoned (0 -> -10), spider-form (expiring), resistant, not
resistant to hostile enchantments, unstealthy
A: unfitting armour, (antennae 0), (claws 0), (stinger 0), dopey 2, high mp 1,
(cold-blooded), AC +6
a: End Transformation, Renounce Religion


You were on level 4 of the Dungeon.
You worshipped Xom.
You were a plaything of Xom.
You were not hungry.
You were a venomous arachnid creature.
You visited 1 branch of the dungeon, and saw 4 of its levels.

You collected 212 gold pieces.
You spent 77 gold pieces at shops.

Inventory:

Missiles
 a - 49 arrows
Jewellery
 o - a +3 ring of strength (left front leg)
Wands
 h - a wand of lightning (0/15)
 p - a wand of flame (22/48)
Scrolls
 d - 2 scrolls of recharging
 e - a scroll of identify
 i - a scroll of teleportation
Potions
 f - a potion of degeneration
 g - a potion of lignification
 k - a potion of haste
Books
 b - a book of Changes

   Spells                             Type                      Level
   a - Beastly Appendage              Transmutation                1
   b - Sticks to Snakes               Transmutation                2
   c - Spider Form                    Transmutation/Poison         3
   d - Ice Form                       Ice/Transmutation            4
   e - Blade Hands                    Transmutation                5
Comestibles
 c - 2 bread rations
 j - a beef jerky
 q - 3 fruits


   Skills:
 - Level 1.1 Fighting
 - Level 1.7 Dodging
 + Level 5.3 Unarmed Combat
 - Level 2.0 Spellcasting
 * Level 6.0 Transmutations


You had 3 spell levels left.
You knew the following spells:

 Your Spells              Type           Power        Failure   Level  Hunger
a - Beastly Appendage     Trmt           ##....       10%         1    ##.....
b - Sticks to Snakes      Trmt           ##......     14%         2    ###....
c - Spider Form           Trmt/Pois      #.........   52%         3    ####...


Dungeon Overview and Level Annotations

Branches:
Dungeon (4/15)             Temple (0/1) D:4

Altars:
Pakellas
Ru
Xom

Shops:
D:4 *


Innate Abilities, Weirdness & Mutations

((Your plain brown scales are hard (AC +6).))
Your body does not fit into most forms of armour.
((You are cold-blooded and may be slowed by cold attacks.))
((You have a pair of small antennae on your head.))
((You have sharp fingernails.))
((Your tail ends in a poisonous barb.))
You are very dopey. (Int -4)
You have an increased reservoir of magic (+10% MP).


Message History

You are too injured to fight recklessly!
You are too injured to fight recklessly!
You are too injured to fight recklessly!
You are too injured to fight recklessly!
You hit the scorpion but do no damage.
The scorpion is poisoned.
The scorpion is severely wounded.
* * * LOW HITPOINT WARNING * * *
You feel sick. The scorpion misses you.
You barely miss the scorpion.
The scorpion is severely wounded.
* * * LOW HITPOINT WARNING * * *
You feel sick. The scorpion stings you!
You die... "Hey, that's my toy!"
Xom revives you!
You bite the scorpion!
You kill the scorpion!
Your Transmutations skill increases to level 6!
You die...
Xom chuckles heartily!

#####.......####.#
......####..# #.#
.####.# #..# #.##
..###.## #..# #..
.......# #... ...
...##..##.#.##
#.######.
...##..#.#..#
#........
..###...###.####.# #
.........#......s# .#
#########.#####.†##..#
# #.# #..<.# #.#
#.###..# #.# ##.##
.... #.####...# .#.#
#......#....# ..#
######...##... ##
##.## .#


There were no monsters in sight!

Vanquished Creatures
  A phantom (D:4)
  A scorpion (D:4)
  A crimson imp (D:3)
  A hound (D:3)
  An orc priest (D:4)
  A giant frog skeleton (D:4)
  An orc wizard (D:4)
  2 iguanas (D:4)
  4 gnolls (D:4)
  4 adders
  2 oozes (D:1)
  2 worms (D:3)
  4 dart slugs
  2 giant geckos
  3 orcs
  2 ball pythons
  3 giant cockroaches
  7 goblins
  7 hobgoblins
  4 jackals (D:1)
  3 kobolds
  A quokka (D:3)
  6 bats
  2 giant newts
  4 rats (D:1)
69 creatures vanquished.

Vanquished Creatures (collateral kills)
  An adder (D:3)
  A hobgoblin (D:1)
2 creatures vanquished.

Grand Total: 71 creatures vanquished

Notes
Turn   | Place    | Note
--------------------------------------------------------------
     0 | D:1      | Geppetto the Draconian Transmuter began the quest for the Orb.
     0 | D:1      | Reached XP level 1. HP: 16/16 MP: 3/3
    53 | D:1      | Reached XP level 2. HP: 21/23 MP: 3/5
   103 | D:1      | Learned a level 2 spell: Sticks to Snakes
   263 | D:1      | Reached skill level 3 in Transmutations
   306 | D:1      | Reached XP level 3. HP: 8/28 MP: 3/6
  1439 | D:2      | Found a sacrificial altar of Ru.
  1440 | D:2      | Found a shimmering altar of Xom.
  1452 | D:2      | Became a worshipper of Xom of Chaos
  1457 | D:2      | XOM: harmless Ice miscast
  1542 | D:2      | Reached XP level 4. HP: 35/35 MP: 5/7
  1549 | D:2      | Learned a level 3 spell: Spider Form
  1795 | D:3      | XOM: divination: magic mapping
  1817 | D:3      | Reached skill level 4 in Transmutations
  2288 | D:3      | Reached XP level 5. HP: 40/40 MP: 6/8
  2448 | D:3      | XOM: enchant monster (bad)
  2503 | D:3      | XOM: give mutation
  2503 | D:3      | Gained mutation: Your muscles are strong. (Str +2) [Xom's mischief]
  2836 | D:4      | XOM: colour smoke trail
  2869 | D:4      | XOM: give mutations
  2869 | D:4      | Gained mutation: You are dopey. (Int -2) [Xom's mischief]
  2869 | D:4      | Gained mutation: You are frail (-10% HP). [Xom's mischief]
  2869 | D:4      | Gained mutation: You are very dopey. (Int -4) [Xom's mischief]
  2869 | D:4      | Lost mutation: You are frail (-10% HP). [Xom's mischief]
  3081 | D:4      | Noticed a phantom
  3100 | D:4      | Reached skill level 5 in Transmutations
  3118 | D:4      | XOM: 1-stop teleportation journey
  3323 | D:4      | Reached XP level 6. HP: 46/47 MP: 5/9
  3357 | D:4      | XOM: cast spell 'Ice Form'
  3367 | D:4      | Reached skill level 5 in Unarmed Combat
  3445 | D:4      | XOM: harmless Necr miscast
  3539 | D:4      | Found Aruakouc's General Store.
  3545 | D:4      | XOM: scenery: create altars
  3565 | D:4      | Bought a scroll of identify for 22 gold pieces
  3565 | D:4      | Bought a scroll of identify for 22 gold pieces
  3565 | D:4      | Bought a potion of curing for 33 gold pieces
  3567 | D:4      | Lost mutation: Your muscles are strong. (Str +2) [potion of mutation]
  3567 | D:4      | Gained mutation: You have an increased reservoir of magic (+10% MP). [potion of mutation]
  3567 | D:4      | Gained mutation: You have a pair of small antennae on your head. [potion of mutation]
  3654 | D:4      | Found an oddly glowing altar of Pakellas.
  3781 | D:4      | XOM: 1-stop teleportation journey
  3797 | D:4      | Found a staircase to the Ecumenical Temple.
  3797 | D:4      | XOM: 4-stop teleportation journey
  3799 | D:4      | XOM: give mutations
  3799 | D:4      | Gained mutation: Your tail ends in a poisonous barb. [Xom's grace]
  3799 | D:4      | Gained mutation: You have sharp fingernails. [Xom's grace]
  4020 | D:4      | Xom revived you
  4021 | D:4      | Reached skill level 6 in Transmutations
  4021 | D:4      | Succumbed to a scorpion's poison

Skill      XL: |  1  2  3  4  5  6 |
---------------+-------------------+-----
Transmutations | 3 4 5 6 |  6.0
Unarmed Combat | 4 5 |  5.3
Fighting       | |  1.1
Dodging        | |  1.7
Spellcasting   | |  2.0

Action                   |  1- 3 |  4- 6 || total
-------------------------+-------+-------++-------
Melee: Unarmed           |    96 |   133 ||   229
       Tailslap          |    11 |    20 ||    31
       Headbutt          |     4 |     3 ||     7
       Kick              |     6 |    30 ||    36
       Punch             |     2 |     1 ||     3
 Cast: Beastly Appendage |    19 |    27 ||    46
       Sticks to Snakes  |     4 |    16 ||    20
       Spider Form       |       |     1 ||     1
Evoke: Wand              |       |     4 ||     4
  Use: Scroll            |     6 |     3 ||     9
       Potion            |       |    10 ||    10
 Stab: Sleeping          |     1 |       ||     1
  Eat: Chunk             |     3 |     6 ||     9
       Beef jerky        |       |     1 ||     1
       Bread ration      |       |     1 ||     1
Armor: Skin              |    23 |    25 ||    48
Dodge: Dodged            |    55 |    60 ||   115
